[Event "*** Titled Tuesday Blitz"]
[Site "Chess.com"]
[Date "2018.09.04"]
[Round "5"]
[White "Godzillator"]
[Black "Kurai"]
[Result "0-1"]
[WhiteElo "2301"]
[BlackElo "2457"]
[TimeControl "180+2"]
[EndTime "14:41:11 PDT"]
[Termination "Kurai won by resignation"]

1. d4 d5 2. c4 e6 3. cxd5 exd5 4. Nc3 Nf6 5. Bg5 Be7 6. e3 O-O 7. Bd3 c6 8. Qc2 Nbd7 9. Nf3 Re8 10. O-O Nf8 11. h3 Ne4 12. Bf4 Ng5 13. Bxg5 Bxg5 14. b4 Be7 15. b5 Bd6 16. Bf5 Qf6 17. Bxc8 Raxc8 18. bxc6 bxc6 19. Na4 Ne6 20. Rfc1 Ng5 21. Nxg5 Qxg5 22. Nc5 h5 23. Rab1 f5 24. Nd3 Re6 25.
Rb7 Rg6 26. f4 Qg3 27. Qf2 Qxh3 28. Rxa7 h4 29. Ne5 Bxe5 30. fxe5 Qg4 31. Kh2 Rf8 32.
Qf3 Qg5 33. Re1 f4 34. e4 Qh6 35. exd5 Rg3 36. Qe4 h3 37. dxc6 hxg2+ 38. Kg1 Qh1+ 39.
Kf2 g1=Q+ 40. Rxg1 Qxg1+ 41. Ke2 Re3+ 42. Qxe3 Qxe3+ 43.
Kd1 Qxd4+ 0-1

[Event "*** Titled Tuesday Blitz"]
[Site "Chess.com"]
[Date "2018.09.04"]
[Round "5"]
[White "chess_rehab"]
[Black "Slovak_fighter2000"]
[Result "0-1"]
[WhiteElo "2235"]
[BlackElo "2404"]
[TimeControl "180+2"]
[EndTime "14:41:13 PDT"]
[Termination "Slovak_fighter2000 won by resignation"]

1. e4 e6 2. d4 d5 3. Nc3 Nf6 4.
e5 Nfd7 5. f4 c5 6. Nf3 Nc6 7. Be3 Be7 8. h4 O-O 9. Bd3 h6 10. dxc5 Bxc5 11. Bxc5 Nxc5 12. Qd2 f6 13. O-O-O Nxd3+ 14. Qxd3 fxe5 15. fxe5 Qc7 16. Ng5 hxg5 17. hxg5 Rf5 18. g6 Nxe5 19. Rh8+ Kxh8 20. Qh3+ Kg8 21.
Qh7+ Kf8 22. Qh8+ Ke7 23. Qxg7+ Nf7 24. gxf7 Qf4+ 25. Kb1 Rxf7 26. Qh8 Qf6 27. Qh2 Qf4 28. Qh8 Rf8 29. Qg7+ Qf7 30. Qe5 Kd8 31. Qd6+ Bd7 32. Nb5 Rc8 33. Nxa7 Qf1 34. Qb6+ Ke8 35. Qd4 Rc4 36.
Qd2 Rf2 37. Qc1 Qxg2 38. Rg1 Rcxc2 39. Rxg2 Rxc1+ 40. Kxc1 Rxg2 41. a4 Bxa4 42. b3 Bd7 43. b4 Ra2 44. b5 Rxa7 0-1

[Event "*** Titled Tuesday Blitz"]
[Site "Chess.com"]
[Date "2018.09.04"]
[Round "5"]
[White "menor31"]
[Black "JoakimVonAnd"]
[Result "0-1"]
[WhiteElo "2449"]
[BlackElo "2376"]
[TimeControl "180+2"]
[EndTime "14:41:14 PDT"]
[Termination "JoakimVonAnd won on time"]

1. e4 c6 2. d4 d5 3. Nc3 dxe4 4. Nxe4 Bf5 5. Ng3 Bg6 6. Nf3 Nf6 7. Bd3 e6 8. h4 Bd6 9. h5 Bxd3 10. Qxd3 Nbd7 11. Ne4 Nxe4 12. Qxe4 Nf6 13. Qh4 h6 14. Bd2 Qb6 15.
O-O-O a5 16. Rhe1 a4 17. Ne5 Bxe5 18. Rxe5 Nd5 19. Re4 Nf6 20. Re5 Nd5 21. Kb1 Qd8 22. Qg3 Qf6 23. c4 Ne7 24. Bb4 Nf5 25. Qd3 Rd8 26. Qe4 Nd6 27. Qe2 b5 28. cxb5 Nxb5 29.
Bc5 a3 30. Qe4 Rd5 31. Rxd5 cxd5 32. Qd3 Qf5 33. Qxf5 exf5 34. Re1+ Kd8 35. bxa3 Nc3+ 36. Kc2 Ne4 37. Bb4 Nxf2 38. Re5 Ng4 39. Rxd5+ Kc7 40.
Rxf5 Ne3+ 41. Kd3 Nxf5 42. d5 Rd8 43. Ke4 Nd6+ 0-1

[Event "*** Titled Tuesday Blitz"]
[Site "Chess.com"]
[Date "2018.09.04"]
[Round "5"]
[White "ShadyH9"]
[Black "aa175"]
[Result "1-0"]
[WhiteElo "2177"]
[BlackElo "1950"]
[TimeControl "180+2"]
[EndTime "14:41:20 PDT"]
[Termination "ShadyH9 won by checkmate"]

1. d4 e5 2. dxe5 Nc6 3. Nf3 Qe7 4. e3 Nxe5 5. Be2 Nf6 6. O-O d6 7. c4 Be6 8. b3 O-O-O 9. Bb2 g6 10. Qc2 Nxf3+ 11.
Bxf3 Bg7 12. Nc3 g5 13. Nd5 Nxd5 14. Bxg7 Nf6 15. Bxh8 Rxh8 16. Bd5 Nxd5 17. cxd5 Bxd5 18. Rac1 h5 19. Rfe1 Be4 20. Qc3 Rh7 21. Qd4 b6 22. f3 Bg6 23. Rc3 g4 24. fxg4 hxg4 25. Qxg4+ Kb7 26. Rec1 Rh5 27. Rxc7+ Qxc7 28. Rxc7+ Kxc7 29. Qa4 a5 30. Qd4 Rc5 31. h4 Rc1+ 32. Kh2 Rc5 33.
a3 Bc2 34. b4 axb4 35. axb4 Rc6 36. h5 Bb3 37. h6 d5 38. Qg7 Rg6 39. Qxf7+ Kc6 40.
Qxg6+ Kb5 41. h7 Kxb4 42. h8=Q Bc4 43. Qb1+ Kc5 44. Qf8+ Kc6 45. Qf6+ Kc7 46. Qbxb6+ Kd7 47. Qfe6# 1-0

[Event "*** Titled Tuesday Blitz"]
[Site "Chess.com"]
[Date "2018.09.04"]
[Round "5"]
[White "Fighterman91"]
[Black "MFBerna"]
[Result "1-0"]
[WhiteElo "2484"]
[BlackElo "2360"]
[TimeControl "180+2"]
[EndTime "14:41:22 PDT"]
[Termination "Fighterman91 won by resignation"]

1. d4 Nf6 2. Bf4 e6 3. e3 Bd6 4. Bg3 Ne4 5. Bd3 Nxg3 6. hxg3 g6 7. Nd2 Be7 8. f4 c5 9. c3 Nc6 10. Ngf3 b6 11. Qe2 Bb7 12. O-O-O Qc7 13. Kb1 d6 14. Ba6 O-O-O 15. g4 h6 16. Rh3 Bf6 17. Rdh1 Bg7 18. Rc1 Bxa6 19. Qxa6+ Qb7 20. Qe2 Kb8 21. Rhh1 Ne7 22. a3 Rc8 23. Qd3 Rhd8 24. e4 cxd4 25.
cxd4 Rxc1+ 26. Rxc1 Rc8 27. Rxc8+ Qxc8 28. e5 Qc6 29. Qe4 Kc7 30. g3 Nd5 31. f5 gxf5 32. gxf5 Bf8 33. fxe6 fxe6 34. Qg6 Qd7 35. Ne4 Ne7 36.
exd6+ Qxd6 37. Qf6 Qc6 38. Qf4+ Kb7 39. Ne5 Qc8 40.
Nd6+ 1-0

[Event "*** Titled Tuesday Blitz"]
[Site "Chess.com"]
[Date "2018.09.04"]
[Round "5"]
[White "suyu28"]
[Black "dimke2802"]
[Result "0-1"]
[WhiteElo "2481"]
[BlackElo "2427"]
[TimeControl "180+2"]
[EndTime "14:41:22 PDT"]
[Termination "dimke2802 won by checkmate"]

1. Nf3 Nf6 2. g3 g6 3. Bg2 Bg7 4. O-O O-O 5. c4 d6 6. Nc3 c6 7. d4 Bf5 8. Re1 Ne4 9. Nh4 Nxc3 10. bxc3 Bc8 11. e4 c5 12. Be3 Qa5 13. Qd2 cxd4 14.
Bxd4 Nc6 15. Bxg7 Kxg7 16. f4 Qc5+ 17. Kh1 Qxc4 18. f5 Ne5 19. Rad1 Bd7 20. Rf1 Bc6 21. Rde1 Rac8 22. f6+ exf6 23. Qxd6 Qe6 24. Qd4 Rfd8 25. Qxa7 Ra8 26. Qb6 Nc4 27. Qf2 Rd2 28. Re2 Raxa2 29. Rxd2 Rxd2 30. Qe1 Ra2 31. Qb1 Rxg2 32. Nxg2 Bxe4 33.
Qe1 Bxg2+ 34. Kxg2 Ne3+ 35. Kg1 Nxf1 36. Qxf1 Qe3+ 37.
Kg2 Qxc3 38. Qb5 Qc6+ 39. Qxc6 bxc6 40. Kf3 f5 41. Ke3 g5 42. Kd4 Kf6 43. Kc5 Ke5 44. Kxc6 f4 45. Kd7 f3 46. h4 gxh4 47. gxh4 f2 48. h5 f1=Q 49. h6 Qf6 50. Ke8 Qxh6 51. Kxf7 Qg6+ 52. Kf8 Qd6+ 53. Kg8 Kf6 54. Kh8 Qf8+ 55.
Kxh7 Qg7# 0-1

[Event "*** Titled Tuesday Blitz"]
[Site "Chess.com"]
[Date "2018.09.04"]
[Round "5"]
[White "TastyFrenchFries"]
[Black "Saitama_Hero"]
[Result "1-0"]
[WhiteElo "2364"]
[BlackElo "2191"]
[TimeControl "180+2"]
[EndTime "14:41:31 PDT"]
[Termination "TastyFrenchFries won by resignation"]

1. e4 d6 2. Na3 g6 3. c3 Nf6 4. Qe2 Bg7 5. g3 c5 6. Bg2 Nc6 7. Nf3 O-O 8. O-O a6 9. d4 cxd4 10. cxd4 Bg4 11. Qe3 b5 12. d5 Na5 13. h3 Bxf3 14. Bxf3 Nd7 15. Qe2 Ne5 16. Bg2 Qd7 17. Bf4 Rfc8 18. Rac1 b4 19. Nb1 Qb5 20. Rxc8+ Rxc8 21.
Qxb5 axb5 22. Rc1 Rxc1+ 23. Bxc1 Nd3 24. Bg5 Bf6 25. Bxf6 exf6 26. Bf1 Nxb2 27. Bxb5 Nac4 28. Kg2 Na3 29. Nxa3 bxa3 30. Kf3 Nd1 31. Bc4 Nc3 32.
Ke3 Kf8 33. Kd3 Nd1 34. Ke2 Nc3+ 35. Ke3 Ke7 36. f3 Kd8 37. Kd2 Na4 38. Kc2 Nc5 39. Kc3 Kc7 40. Kb4 Kb6 41. Kxa3 Ka5 42. Be2 Nd7 43.
Kb3 Nc5+ 44. Kc3 Na4+ 45. Kd4 Nc5 46. Kc4 Ka4 47. Bd1+ Ka3 48. Kb5 Nd3 49. Be2 Ne5 50. f4 Nd7 51. Kc6 Nc5 52. Bf3 Nd3 53. Kxd6 Ne1 54.
Be2 1-0

[Event "*** Titled Tuesday Blitz"]
[Site "Chess.com"]
[Date "2018.09.04"]
[Round "5"]
[White "Superfelix"]
[Black "W_Amadeus"]
[Result "0-1"]
[WhiteElo "2366"]
[BlackElo "2567"]
[TimeControl "180+2"]
[EndTime "14:41:33 PDT"]
[Termination "W_Amadeus won by resignation"]

1. e4 d6 2. Bc4 Nf6 3. Qe2 e5 4. f4 Nc6 5. Nf3 exf4 6. d4 Bg4 7. c3 Nh5 8. Nbd2 g6 9. O-O Bg7 10. Qf2 O-O 11. h3 Bd7 12. Re1 Kh8 13. Nf1 Qe7 14.
Bd2 Rae8 15. Re2 a6 16. Rae1 Qd8 17. a3 Na5 18. Ba2 Bb5 19. c4 Nxc4 20. a4 Nxd2 21. axb5 Nxf1 22. Rxf1 Ng3 23. bxa6 bxa6 24. Rfe1 Nxe2+ 25.
Rxe2 h6 26. h4 Qb8 27. h5 g5 28. Nh2 c5 29. dxc5 dxc5 30. Qxc5 Rc8 31. Qd5 Qb6+ 32. Kf1 Rc1+ 33. Re1 Rxe1+ 34. Kxe1 Qe3+ 35. Kf1 Qc1+ 36. Kf2 Qxb2+ 37. Kf3 Qc3+ 38. Ke2 Qe3+ 39. Kf1 Rc8 40. Bb3 Rc1+ 41. Bd1 Qd4 42. Qxd4 Bxd4 43. Ke2 f6 44. Nf3 Be5 45. Kd2 Rc7 46. Be2 a5 47. Ne1 a4 48.
Nc2 Bb2 49. Nb4 Bc3+ 0-1

[Event "*** Titled Tuesday Blitz"]
[Site "Chess.com"]
[Date "2018.09.04"]
[Round "5"]
[White "GreatDamnedRedSpot"]
[Black "mjray79"]
[Result "1-0"]
[WhiteElo "2314"]
[BlackElo "2037"]
[TimeControl "180+2"]
[EndTime "14:41:33 PDT"]
[Termination "GreatDamnedRedSpot won by resignation"]

1. e4 c5 2. Nf3 d6 3. d4 cxd4 4. Qxd4 Nf6 5. Nc3 Nc6 6. Bb5 Bd7 7. Bxc6 Bxc6 8. Bg5 e5 9. Qd3 Be7 10. Bxf6 Bxf6 11.
O-O-O Be7 12. Rhe1 Qc7 13. Nd5 Bxd5 14. Qxd5 Rf8 15.
Rd3 Qc6 16. Qxc6+ bxc6 17. c4 f5 18. Kc2 O-O-O 19. Re2 fxe4 20. Rxe4 Bf6 21. Re2 Rfe8 22. Rde3 Kc7 23. b3 Rd7 24. Nd2 Bg5 25. Rh3 Bxd2 26. Kxd2 h6 27. Rg3 d5 28. cxd5 cxd5 29. Rg6 e4 30.
Re1 d4 31. Rc1+ Kb7 32. Ke2 e3 33. fxe3 Rxe3+ 34. Kf2 Rf7+ 35. Kg1 Re2 36. Rd1 Rxa2 37.
h4 Rd7 38. Rd3 Re2 39. Rg4 Re1+ 40. Kh2 Re3 41. Rdxd4 Rxd4 42. Rxd4 Rxb3 43. Rd7+ Kb6 44. Rxg7 h5 45. Rg5 Rb5 46. Rxb5+ Kxb5 47. g4 hxg4 48. h5 a6 49. h6 1-0

[Event "*** Titled Tuesday Blitz"]
[Site "Chess.com"]
[Date "2018.09.04"]
[Round "5"]
[White "ramses135"]
[Black "NemtsevIgor"]
[Result "1-0"]
[WhiteElo "2524"]
[BlackElo "2385"]
[TimeControl "180+2"]
[EndTime "14:41:36 PDT"]
[Termination "ramses135 won by resignation"]

1. e4 c6 2. d4 d5 3. Nc3 h6 4. Be3 dxe4 5. Nxe4 Nf6 6. Nxf6+ gxf6 7. Nf3 h5 8. g3 Bg4 9. h3 Bf5 10. Bg2 e6 11. Nh4 Nd7 12. O-O Bh7 13. Qxh5 Bd6 14. c4 Qe7 15. Qf3 Bd3 16. Rfc1 f5 17. Qd1 Be4 18. d5 Rxh4 19. gxh4 Bxg2 20. Kxg2 f4 21.
dxc6 bxc6 22. Bd4 e5 23. Bc3 e4 24. Qg4 O-O-O 25. Rd1 f3+ 26. Kh1 Kc7 27. Ba5+ Nb6 28. c5 Bxc5 29. Rxd8 Qxd8 30. Qxe4 Qf6 31. Bc3 Qg6 32.
Qxf3 Nd5 33. Qg3+ Bd6 34. Qxg6 fxg6 35. Rg1 Nf4 36. Rg4 Nxh3 37. Rxg6 Nxf2+ 38. Kg2 Ne4 39. h5 Nxc3 40. bxc3 Be5 41. c4 Kb6 42. h6 Kc5 43. h7 Kxc4 44. Rxc6+ Kb4 45. Ra6 Bd4 46. Rxa7 Bxa7 47.
h8=Q 1-0

[Event "*** Titled Tuesday Blitz"]
[Site "Chess.com"]
[Date "2018.09.04"]
[Round "5"]
[White "Rashad_Zeynalli"]
[Black "tsakos2731"]
[Result "0-1"]
[WhiteElo "2363"]
[BlackElo "2546"]
[TimeControl "180+2"]
[EndTime "14:41:38 PDT"]
[Termination "tsakos2731 won by resignation"]

1. e4 e5 2. Nf3 Nf6 3. Nxe5 d6 4. Nf3 Nxe4 5. d4 d5 6. Bd3 Bf5 7. O-O Be7 8. c4 dxc4 9. Bxc4 O-O 10. Nc3 Nc6 11. Re1 Nxc3 12. bxc3 Qd7 13. Bb5 Bf6 14. Ne5 Bxe5 15. Rxe5 Rfe8 16. Bf4 Rxe5 17. Bxe5 Qd5 18. c4 Qe4 19. Bxc6 Qxc6 20. Qb3 Re8 21. h4 f6 22. Bg3 Qe4 23. d5 Qd4 24. Rd1 Qc5 25.
Qxb7 Qxc4 26. Qxc7 Qxa2 27. d6 Qa4 28. Rc1 h6 29.
Kh2 Rc8 30. Qxc8+ Bxc8 31. Rxc8+ Kh7 32. Rc7 a6 33. d7 Qd4 34. Ra7 a5 35. Kh3 h5 36. f3 a4 37. Bf2 Qxf2 38. d8=Q Qxa7 39. Qd3+ g6 40. Qa3 Kg8 41. g3 Qg1 42. g4 hxg4+ 43.
fxg4 Qh1+ 44. Kg3 Qe1+ 45. Kh3 Qe4 46. h5 g5 47. Kg3 Qf4+ 48. Kh3 Qf1+ 49. Kg3 Qg1+ 50.
Kh3 Qh1+ 51. Kg3 Qh4+ 52. Kg2 Qxg4+ 53. Kf2 Qxh5 54. Qxa4 Qh4+ 55. Qxh4 gxh4 56. Kf3 f5 57. Kf4 Kg7 58. Kf3 Kg6 0-1

[Event "*** Titled Tuesday Blitz"]
[Site "Chess.com"]
[Date "2018.09.04"]
[Round "5"]
[White "gkchesstiger"]
[Black "ahmadzada13"]
[Result "0-1"]
[WhiteElo "2752"]
[BlackElo "2639"]
[TimeControl "180+2"]
[EndTime "14:41:49 PDT"]
[Termination "ahmadzada13 won by resignation"]

1. d4 Nf6 2. Bf4 c5 3. e3 Nd5 4. Bg3 cxd4 5. exd4 Nc6 6. c3 e6 7. Nf3 f5 8. c4 Bb4+ 9. Nbd2 Nf6 10. a3 Be7 11. Bd3 O-O 12. O-O d6 13. d5 exd5 14. cxd5 Nxd5 15. Bc4 Be6 16. Qb3 Na5 17. Qd3 Nxc4 18.
Nxc4 f4 19. Rae1 Bf7 20. Rxe7 Qxe7 21. Bh4 Qd7 22. Ng5 Nf6 23. Nxf7 Rxf7 24. Rd1 Qg4 25.
Bxf6 Rxf6 26. f3 Qf5 27. Qb3 Qe6 28. Qxb7 Re8 29. Qc6 Rg6 30. Qd5 Qxd5 31. Rxd5 Re2 32. g4 fxg3 33. hxg3 Rxg3+ 34. Kf1 Rc2 35. Nd2 h5 36. Kf2 h4 37. Ke3 h3 38. Rh5 Rxd2 39. Kxd2 Rxf3 40. Ke2 Rb3 41. Kf1 Kf7 42. Kg1 Kf6 43. Rd5 g5 44. Rxd6+ Ke5 45. Ra6 g4 46. Rxa7 Rxb2 47. Rg7 Kf4 0-1

[Event "*** Titled Tuesday Blitz"]
[Site "Chess.com"]
[Date "2018.09.04"]
[Round "5"]
[White "nitpicker"]
[Black "ChessicallyInclined"]
[Result "1-0"]
[WhiteElo "2177"]
[BlackElo "2345"]
[TimeControl "180+2"]
[EndTime "14:41:49 PDT"]
[Termination "nitpicker won by resignation"]

1. d4 Nf6 2. c4 g6 3. Nc3 Bg7 4. Nf3 d6 5. e4 O-O 6. Be2 e5 7. O-O exd4 8. Nxd4 Re8 9. f3 c6 10. Kh1 Nbd7 11. Nc2 Ne5 12. Bg5 Be6 13. b3 h6 14.
Bh4 g5 15. Bf2 Nh5 16. Re1 Nxc4 17. Nd4 Ne5 18. Qd2 Nf4 19. Bf1 c5 20. Ndb5 d5 21.
exd5 Nxd5 22. Ne4 Nc6 23. Nbd6 Re7 24. Rad1 b6 25. Ba6 Rb8 26. Nf5 Bxf5 27. Qxd5 Qxd5 28. Rxd5 Bxe4 29. fxe4 Nb4 30. Bg3 Rbe8 31. Bc4 b5 32. Bxb5 Rxe4 33. Bxe8 Rxe1+ 34. Bxe1 Nxd5 35. Bf2 Bd4 36. Kg1 Nc3 37. a4 Kf8 38. Bc6 Nd1 39. Bxd4 cxd4 40.
Kf1 a5 41. Ke2 Ne3 42. Kd3 Nf1 43. h3 Ke7 44. Kxd4 Kd6 45. Bd5 f5 46. Bf7 f4 47.
Bd5 Ne3 48. Bf3 Nc2+ 49. Kc3 Ne1 50. Ba8 Kc5 51. Kd2 Nxg2 52. Bxg2 h5 53. Bf3 h4 54. Kc3 Kb6 55. Kc4 Kc7 56. Kb5 1-0

[Event "*** Titled Tuesday Blitz"]
[Site "Chess.com"]
[Date "2018.09.04"]
[Round "5"]
[White "GMKrikor"]
[Black "jefferyx"]
[Result "0-1"]
[WhiteElo "2748"]
[BlackElo "2785"]
[TimeControl "180+2"]
[EndTime "14:41:54 PDT"]
[Termination "jefferyx won by resignation"]

1. e4 c5 2. Nf3 d6 3. d4 Nf6 4. Nc3 cxd4 5. Nxd4 a6 6. Be3 e5 7. Nb3 Be6 8. f3 Nbd7 9. Qd2 b5 10. a4 b4 11. Nd5 Nxd5 12. exd5 Bf5 13. Bd3 Bxd3 14.
Qxd3 Be7 15. a5 Bh4+ 16. g3 Bg5 17. O-O O-O 18. Ra4 Bxe3+ 19. Qxe3 Nf6 20. Qd3 Qb8 21. Nd2 Rc8 22. Ne4 Nd7 23. Qd2 Rc4 24. Qe2 Rd4 25. c3 bxc3 26. Rxd4 exd4 27. bxc3 dxc3 28. Nxc3 Qb4 29.
Ne4 Qxa5 30. Qe3 Re8 31. Qd4 Re5 32. Nxd6 Rxd5 33. Nc4 Qb5 34. Qe4 Qc5+ 35. Kh1 Nf6 36. Qf4 h6 37. Ne3 Rd4 38. Qb8+ Kh7 39. Qb1+ g6 40. Ng2 Rd2 41. Nf4 Qc6 42. Qb3 Kg7 43. Qe3 Qc2 44. Kg1 a5 45. Qe7 Qb3 46. Re1 Qb6+ 47.
Kh1 Rd6 48. Qe5 a4 49. g4 a3 50. h4 Qf2 51. g5 Qxh4+ 52. Kg1 Qxg5+ 0-1

[Event "*** Titled Tuesday Blitz"]
[Site "Chess.com"]
[Date "2018.09.04"]
[Round "5"]
[White "staz_staz"]
[Black "MFguimaraes"]
[Result "1-0"]
[WhiteElo "2337"]
[BlackElo "2292"]
[TimeControl "180+2"]
[EndTime "14:41:56 PDT"]
[Termination "staz_staz won by resignation"]

1. d4 Nf6 2. Nf3 d5 3. c4 c6 4. Nc3 a6 5. e3 Bf5 6. cxd5 cxd5 7. Qb3 b5 8. a4 b4 9. Qxb4 Nc6 10. Qb3 e6 11. Be2 Nb4 12. e4 Nxe4 13. O-O Rb8 14.
a5 Bd6 15. Qa4+ Ke7 16. Nxe4 Bxe4 17. Qd1 h6 18. Bd2 Nd3 19. Bxd3 Bxd3 20. Re1 Rxb2 21. Bc3 Rb3 22. Qxd3 Qc7 23. Rac1 Rc8 24. Qxa6 Rxc3 25. Rxc3 Qxc3 26. Qb6 Qc7 27. Qb5 Rb8 28. Qxd5 Qc3 29. Qe4 Qxa5 30. d5 Kf8 31. dxe6 Re8 32. Qc6 Qc7 33.
Qd5 fxe6 34. Rxe6 Rxe6 35. Qxe6 Qc1+ 36. Qe1 Qxe1+ 37. Nxe1 g6 38. g3 Kf7 39. Kg2 Kf6 40.
Kf3 Bc5 41. Nd3 Bd4 42. Ke4 Bb6 43. f4 g5 44. f5 h5 45. h3 g4 46. hxg4 Bc7 47.
Nf4 Kg5 48. gxh5 Bxf4 49. gxf4+ Kxh5 50. Ke5 Kh6 51. Kf6 Kh7 52. Ke7 1-0

[Event "*** Titled Tuesday Blitz"]
[Site "Chess.com"]
[Date "2018.09.04"]
[Round "5"]
[White "danyuffa"]
[Black "XDPS"]
[Result "1-0"]
[WhiteElo "2689"]
[BlackElo "2597"]
[TimeControl "180+2"]
[EndTime "14:41:57 PDT"]
[Termination "danyuffa won by resignation"]

1. d4 d5 2. c4 c6 3. Nc3 Nf6 4. Nf3 e6 5. Bg5 dxc4 6. e4 b5 7. e5 h6 8. Bh4 g5 9. Nxg5 hxg5 10. Bxg5 Nbd7 11. exf6 Bb7 12. g3 c5 13. d5 Nxf6 14. Bg2 Be7 15. O-O Nxd5 16. Bxe7 Kxe7 17. Nxb5 Qb6 18. a4 Rh4 19. Re1 Rd8 20. gxh4 Rg8 21.
Qd2 a6 22. Ra3 c3 23. Nxc3 Nxc3 24. Rxc3 Rxg2+ 25. Kf1 Rxh2 26. Qg5+ Ke8 27. Qg8+ Ke7 28. Qg5+ Ke8 29. Rd1 Rh1+ 30. Ke2 Rxd1 31. Kxd1 Qxb2 32. Qxc5 Qb1+ 33. Ke2 Qe4+ 34. Kd2 Qf4+ 35. Kc2 Be4+ 36. Kb2 Qd2+ 37. Ka3 Bd5 38. h5 a5 39. Qxa5 Qa2+ 40. Kb4 Qb2+ 41. Kc5 Qxf2+ 42. Kb5 Qb2+ 43. Qb4 Qe2+ 44.
Ka5 Qxh5 45. Qb8+ Ke7 46. Rc7+ Kf6 47. Qb5 Qh4 48. Qf1+ Kg7 49. Qxf7+ Kh6 50. Qh7+ 1-0

[Event "*** Titled Tuesday Blitz"]
[Site "Chess.com"]
[Date "2018.09.04"]
[Round "5"]
[White "tony15051987"]
[Black "ddtru"]
[Result "1-0"]
[WhiteElo "2447"]
[BlackElo "2266"]
[TimeControl "180+2"]
[EndTime "14:41:59 PDT"]
[Termination "tony15051987 won on time"]

1. d4 Nf6 2. c4 e6 3. Nc3 d5 4. cxd5 Nxd5 5. e4 Nxc3 6. bxc3 c5 7. Rb1 cxd4 8. cxd4 Nc6 9. Nf3 Bb4+ 10. Bd2 Bxd2+ 11. Qxd2 O-O 12. Bc4 b6 13. O-O Bb7 14. Rfe1 Rc8 15. Rbd1 Qc7 16. Bd3 Ne7 17. h4 Ng6 18. g3 h6 19. h5 Ne7 20. Qe3 Qc3 21.
g4 f6 22. Rc1 Qa3 23. Bc4 Qd6 24. Qb3 Kh8 25. Rcd1 Qf4 26. Bxe6 Bxe4 27. Rxe4 Qxe4 28. Re1 Qf4 29. Bxc8 Nxc8 30. Nh4 Qxg4+ 31. Qg3 Qxg3+ 32. fxg3 Rd8 33. Ng6+ Kg8 34. d5 Kf7 35. Rc1 Nd6 36. Rc7+ Kg8 37. Rxa7 Nf5 38. g4 Ne3 39. Ne7+ Kh8 40.
Kf2 Nxd5 41. Nf5 Nf4 42. Nxg7 Rg8 43. Nf5 Nd3+ 44. Ke3 Ne5 45. Rb7 Nxg4+ 46. Kf4 Ne5 47. Nxh6 Rc8 48. Rxb6 Rc4+ 49. Kf5 Ra4 50. Rxf6 Nd7 51.
Rd6 1-0

[Event "*** Titled Tuesday Blitz"]
[Site "Chess.com"]
[Date "2018.09.04"]
[Round "5"]
[White "MrVezunchik"]
[Black "Evandro_Barbosa"]
[Result "1-0"]
[WhiteElo "2842"]
[BlackElo "2476"]
[TimeControl "180+2"]
[EndTime "14:42:13 PDT"]
[Termination "MrVezunchik won on time"]

1. d4 Nf6 2. c4 c5 3. d5 b5 4. cxb5 a6 5. bxa6 g6 6. Nc3 Bg7 7. e4 O-O 8. a7 Rxa7 9. Nf3 e6 10. Be2 exd5 11. exd5 d6 12. O-O Na6 13. Nb5 Ra8 14. Bf4 Ne8 15. Qd2 Bb7 16. Bh6 Nac7 17. Bxg7 Kxg7 18. Nc3 Nf6 19. Bc4 Re8 20. Rfe1 Qd7 21. h3 Qf5 22. Red1 Ne4 23. Nxe4 Qxe4 24. Qc3+ Kg8 25. Qb3 Rab8 26. Re1 Qf5 27. Rxe8+ Nxe8 28. Re1 Qc8 29. Qd3 Qd8 30. Nd2 Nf6 31. b3 Bc8 32. a4 Bf5 33. Qc3 h5 34. a5 Nd7 35. Bf1 Qg5 36.
Nc4 Nf6 37. Qf3 Rd8 38. a6 Bc8 39. a7 Bb7 40. Ne3 Nxd5 41. Nxd5 Bxd5 42. Qe2 Ba8 43. Qb5 h4 44. Re8+ Kg7 45. Rxd8 Qxd8 46. Qb8 1-0

[Event "*** Titled Tuesday Blitz"]
[Site "Chess.com"]
[Date "2018.09.04"]
[Round "5"]
[White "sergiochess83"]
[Black "nihalsarin"]
[Result "1-0"]
[WhiteElo "2753"]
[BlackElo "2859"]
[TimeControl "180+2"]
[EndTime "14:42:14 PDT"]
[Termination "sergiochess83 won by resignation"]

1. e4 c5 2. Nf3 e6 3. d4 cxd4 4. Nxd4 Nc6 5. Nc3 Qc7 6. Be3 a6 7. a3 Nf6 8. f4 Nxd4 9. Qxd4 Ng4 10. Qb6 Bd6 11. Qxc7 Bxc7 12. Bd2 d6 13. a4 b6 14. Be2 Nf6 15. Bf3 Bb7 16. O-O Nd7 17. Be3 Ke7 18. Rfd1 Rhd8 19. Kf2 Bc6 20. b4 a5 21. b5 Bb7 22. Rd3 Nc5 23. Bxc5 bxc5 24.
Rad1 Bb6 25. Ke2 c4 26. R3d2 Bc5 27. Nb1 Rd7 28. c3 Rad8 29. g3 d5 30. exd5 exd5 31. Kf1 g6 32. Re2+ Kf6 33. Nd2 h5 34. Rde1 d4 35.
Bxb7 Rxb7 36. Ne4+ Kg7 37. Nxc5 Rc7 38. cxd4 Rxd4 39.
Re5 c3 40. b6 Rc6 41. b7 Rb4 42. Re8 Rcb6 43. Rc1 Rb1 44. Ree1 c2 45. Rxc2 R1b4 46. Kg2 h4 47. Re8 hxg3 48. hxg3 Rb1 49. Rc8 R1b4 50.
Ra8 Rb1 51. Rxa5 Rc6 52. Rb5 Rxb5 53. axb5 Rb6 54. Rd2 Rxb5 55. Rd8 Rxb7 56. Nxb7 1-0

[Event "*** Titled Tuesday Blitz"]
[Site "Chess.com"]
[Date "2018.09.04"]
[Round "5"]
[White "Margency"]
[Black "NikolaGry"]
[Result "0-1"]
[WhiteElo "2688"]
[BlackElo "2613"]
[TimeControl "180+2"]
[EndTime "14:42:20 PDT"]
[Termination "NikolaGry won by resignation"]

1. e4 d5 2. exd5 Nf6 3. Bb5+ Bd7 4. Be2 Nxd5 5. d4 Bf5 6. Nf3 e6 7. O-O Be7 8. a3 O-O 9. c4 Nb6 10. Nc3 a5 11. b3 Nc6 12. h3 h6 13. Be3 Bf6 14.
Ra2 Qe7 15. Qc1 Rfd8 16. Rd2 Rd7 17. Re1 Rad8 18. d5 Bxc3 19. Qxc3 exd5 20. Bxb6 cxb6 21. cxd5 Rxd5 22. Rxd5 Rxd5 23. Bc4 Qc5 24. Re8+ Kh7 25. Qe1 Rd7 26. Qe2 Nd4 27. Nxd4 Qxd4 28. a4 Qd1+ 29. Qxd1 Rxd1+ 30. Kh2 Rd7 31. Rb8 Be6 32. Bxe6 fxe6 33. f3 Rd3 34. Rxb7 Rxb3 35. h4 h5 36. Kg3 Rb4 37. Kh3 Kg6 38. Kg3 Kf6 39. Kh3 Rb3 40.
Kg3 Rb4 41. Kh3 Rxa4 42. Rxb6 Rb4 43. Ra6 a4 44. Ra5 g6 45. Kg3 Rc4 46. Kh3 Rb4 47. Kg3 Ke7 48. Kh3 Kd6 49. Ra6+ Kd5 50. Ra5+ Kd4 51.
g4 Kc3 52. gxh5 gxh5 53. Rxh5 a3 54. Ra5 Kb3 55. h5 Ra4 56. Rb5+ Kc4 57. Rb1 a2 58. Ra1 Kc3 59. h6 Kb2 0-1

[Event "*** Titled Tuesday Blitz"]
[Site "Chess.com"]
[Date "2018.09.04"]
[Round "5"]
[White "ZatonskihAnna"]
[Black "Yurovskykh_Oleksandr"]
[Result "1-0"]
[WhiteElo "2496"]
[BlackElo "2434"]
[TimeControl "180+2"]
[EndTime "14:42:20 PDT"]
[Termination "ZatonskihAnna won by resignation"]

1. e4 c5 2. g3 d5 3. exd5 Qxd5 4. Nf3 Bg4 5. Bg2 Qe6+ 6. Kf1 Bh3 7. d4 Bxg2+ 8.
Kxg2 cxd4 9. Re1 Qd7 10. Qxd4 Qxd4 11. Nxd4 Nc6 12. Nxc6 bxc6 13. Re4 e6 14. Nd2 Nf6 15. Rc4 Rc8 16. Nb3 Bd6 17. Be3 Rc7 18. Nd4 Kd7 19.
Rd1 Rhc8 20. Ra4 Ke7 21. Nb3 Nd5 22. Bc5 Bxc5 23. Nxc5 Ra8 24. Rd3 Nb6 25. Rh4 h6 26.
Rg4 g6 27. Rgd4 h5 28. b3 Rcc8 29. c4 Rd8 30. Rxd8 Rxd8 31. Rxd8 Kxd8 32. Kf3 Nd7 33. Nxd7 Kxd7 34. b4 Kd6 35. Ke4 g5 36. f4 g4 37.
a4 f6 38. c5+ Kc7 39. b5 Kb7 40. Kd4 Kc7 41. Kc4 Kb7 42. Kb4 Kc7 43. Ka5 Kb7 44. Kb4 Kc7 45. Kb3 Kb7 46. Kc4 Kc7 47. Kb4 Kb7 48. Ka5 Kc7 49. Ka6 cxb5 50. axb5 Kb8 51.
Ka5 Kb7 52. Kb4 a6 53. c6+ Kb6 54. bxa6 Kxc6 55. a7 Kb7 56. Kc5 Kxa7 57. Kd6 e5 58. fxe5 fxe5 59. Kxe5 Kb6 60. Kf5 Kc5 61. Kg5 Kd5 62.
Kxh5 Ke4 63. Kxg4 Ke5 64. Kg5 Ke6 65. Kg6 Ke7 66. Kg7 1-0

[Event "*** Titled Tuesday Blitz"]
[Site "Chess.com"]
[Date "2018.09.04"]
[Round "5"]
[White "snowlord"]
[Black "Bad4life"]
[Result "1-0"]
[WhiteElo "2708"]
[BlackElo "2431"]
[TimeControl "180+2"]
[EndTime "14:42:20 PDT"]
[Termination "snowlord won by resignation"]

1. d4 Nf6 2. c4 c5 3. d5 e6 4. Nc3 exd5 5. cxd5 d6 6. e4 g6 7. Nf3 Bg7 8. Bg5 h6 9. Bh4 O-O 10. Nd2 Re8 11. Be2 Na6 12. O-O Nc7 13. a4 a6 14. f4 Bd7 15. e5 dxe5 16. d6 exf4 17. dxc7 Qxc7 18. Kh1 Bc6 19. Bf3 g5 20. Bf2 Rad8 21.
Qc2 Qd7 22. Rad1 g4 23. Bxc6 Qxc6 24. Qf5 f3 25. gxf3 h5 26. Bh4 Rd6 27. Nde4 Nxe4 28. fxe4 Rf8 29. Rxd6 Qxd6 30. Nd5 Qe6 31. Ne7+ Kh8 32.
Qxe6 fxe6 33. Ng6+ Kg8 34. Nxf8 Bxf8 35. Bf6 b5 36. axb5 axb5 37. e5 Bh6 38. Ra1 Be3 39. Ra8+ Kf7 40. Rb8 b4 41. Kg2 Kg6 42. Rb7 Kf5 43. Rh7 Kg6 44. Rd7 b3 45. Rd3 Bd4 46.
Rxb3 c4 47. Rb4 Kf5 48. Rxc4 Bxb2 49. Rc8 Bc1 50. Rh8 Kg6 51. Rc8 Be3 52. Re8 Kf5 53. h3 Bf4 54. Rh8 Kg6 55. Rg8+ Kf5 56. Bh8 gxh3+ 57.
Kxh3 Bxe5 58. Rf8+ Ke4 59. Bxe5 Kxe5 60. Kh4 Ke4 61.
Kxh5 e5 62. Kg4 Ke3 63. Re8 Kd4 64. Kf5 e4 1-0